Map: Neon Violet Square LE

Players

axu

  • Race: Protoss Protoss
  • League: Platinum
  • Spawn Location: 5:00

A.I. 1 (Easy) - Winner!

  • Race: Zerg Zerg
  • Spawn Location: 11:00

VOD

Have the link to the VOD?

Description

Time

  • Played on: April 13, 2018, 3:41 p.m.
  • Length: 5:39
Show
View Real Time Build Order
Export as new Build Order

axu Protoss 

Build Orders: 1 Gate Expand 

Get SALT Encoding   

  12  0:01  Probe  
  13  0:13  Probe  
  14  0:22  Pylon  
  14  0:27  Probe  
  15  0:40  Probe  
  16  0:46  Gateway  
  16  0:54  Probe  
  17  1:06  Probe (Chrono Boost)  
  18  1:24  Probe (Chrono Boost)  
  19  1:26  Assimilator  
  19  1:30  Probe  
  20  1:41  Nexus  
  20  1:50  Cybernetics Core  
  20  1:54  Probe  
  20  2:10  Probe  
  21  2:59  Gateway  
  21  3:01  Shield Battery  
Show
View Real Time Build Order
Export as new Build Order

A.I. 1 (Easy) Zerg - Winner!

Build Orders: Pool Only 

Get SALT Encoding   

  12  0:01  Drone  
  13  0:13  Overlord  
  13  0:18  Drone  
  14  0:31  Drone  
  14  0:35  Drone  
  16  0:43  Spawning Pool  
  16  0:46  Drone  
  16  0:48  Extractor  
  15  0:52  Drone  
  16  1:00  Overlord  
  16  1:30  Zergling x2  
  16  1:32  Queen  
  17  1:34  Roach Warren  
  17  1:35  Extractor  
  17  1:38  Drone  
  18  1:43  Drone, Zergling x2  
  20  2:07  Overlord  
  20  2:13  Roach  
  22  2:20  Drone  
  23  2:26  Drone  
  24  2:34  Roach  
  26  2:39  Drone  
  26  2:43  Drone  
  28  2:47  Roach  
  28  2:48  Drone  
  31  2:56  Drone  
  32  3:07  Overlord  
  32  5:22  Drone  
  32  5:26  Drone  
Tags
 
Add a new tag
Caveats
  • Supply blocks, unpowered buildings, or Contaminate may cause inaccurate times.
  • Supply counts are checked every 10 seconds.